| TOP OF THE 1ST |
|
Wichita Aeros batting - Pitching for Iowa Oaks : RHP Randy Romagna
|
|
Pitching: RHP Randy Romagna
|
|
|
Batting: LHB Omar Guerrero
|
0-0: Foul Ball, location: 2F 0-1: Foul Ball, location: 2F 0-2: Ball 1-2: Ball 2-2: Foul Ball, location: 2F 2-2: Foul Ball, location: 2F 2-2: Foul Ball, location: 2F 2-2: DOUBLE (Flyball, 8LXD, EV 115.0 MPH)
|
|
Batting: SHB Gary Pettis
|
0-0: Ball 1-0: Foul Ball, location: 2F 1-1: Ball 2-1: SINGLE (Groundball, 3D, EV 103.1 MPH) Omar Guerrero to third Runner from 3rd tries for Home, SAFE, throw by RF to home Gary Pettis to second
|
|
Batting: LHB Michael Barnes
|
0-0: Called Strike 0-1: Foul Ball, location: 2F 0-2: Strikes out swinging
|
|
Batting: RHB Bill Schroeder
|
0-0: Ball Gary Pettis is caught stealing 3rd base 2-5 1-0: Ball 2-0: Called Strike 2-1: Swinging Strike 2-2: Fly out, F7 (Flyball, 7D, EV 78.8 MPH)
|
| Top of the 1st over - 1 run, 2 hits, 0 errors, 0 left on base; Wichita 1 - Iowa 0 |
| BOTTOM OF THE 1ST |
|
Iowa Oaks batting - Pitching for Wichita Aeros : LHP Darrell Jackson
|
|
Pitching: LHP Darrell Jackson
|
|
|
Batting: SHB Rod Craig
|
0-0: Fly out, F7 (Flyball, 7LD, EV 102.5 MPH)
|
|
Batting: RHB Edgar Flores
|
0-0: Foul Ball, location: 2F 0-1: Ball 1-1: Ball 2-1: Foul Ball, location: 2F 2-2: Fly out, F7 (Line Drive, 7, EV 105.6 MPH)
|
|
Batting: LHB Ronald Little
|
0-0: Called Strike 0-1: Ground out 5-3 (Groundball, 5L, EV 86.3 MPH)
|
| Bottom of the 1st over - 0 runs, 0 hits, 0 errors, 0 left on base; Wichita 1 - Iowa 0 |
| TOP OF THE 2ND |
|
Wichita Aeros batting - Pitching for Iowa Oaks : RHP Randy Romagna
|
|
Batting: RHB Jesse Barfield
|
0-0: Ball 1-0: Ball 2-0: Foul Ball, location: 2F 2-1: Ground out 6-3 (Groundball, 56, EV 93.1 MPH)
|
|
Batting: LHB Glenn Gulliver
|
0-0: Fly out, F8 (Line Drive, 8LD, EV 87.5 MPH)
|
|
Batting: RHB Greg Cypret
|
0-0: Called Strike 0-1: Ball 1-1: Called Strike 1-2: Ball 2-2: Foul Ball, location: 2F 2-2: Ball 3-2: Fly out, F7 (Flyball, 78S, EV 88.8 MPH)
|
| Top of the 2nd over - 0 runs, 0 hits, 0 errors, 0 left on base; Wichita 1 - Iowa 0 |
| BOTTOM OF THE 2ND |
|
Iowa Oaks batting - Pitching for Wichita Aeros : LHP Darrell Jackson
|
|
Batting: SHB Mike Turgeon
|
0-0: Ground out 6-3 (Groundball, 6, EV 89.4 MPH)
|
|
Batting: RHB Dave F Schmidt
|
0-0: Ball 1-0: Called Strike 1-1: Foul Ball, location: 2F 1-2: Ball 2-2: Strikes out swinging
|
|
Batting: RHB Mark Benson
|
0-0: Called Strike 0-1: Foul Ball, location: 2F 0-2: Ball 1-2: Foul Ball, location: 2F 1-2: Foul Ball, location: 2F 1-2: Ball 2-2: Foul Ball, location: 2F 2-2: Ball 3-2: Foul Ball, location: 2F 3-2: DOUBLE (Line Drive, 89M, EV 100.6 MPH)
|
|
Batting: RHB Mike Richardt
|
0-0: Ball 1-0: Ground out 6-3 (Groundball, 56, EV 97.5 MPH)
|
| Bottom of the 2nd over - 0 runs, 1 hit, 0 errors, 1 left on base; Wichita 1 - Iowa 0 |
| TOP OF THE 3RD |
|
Wichita Aeros batting - Pitching for Iowa Oaks : RHP Randy Romagna
|
|
Batting: LHB Jesus Ramos
|
0-0: Ground out 4-3 (Groundball, 4, EV 83.8 MPH)
|
|
Batting: LHB Jim F Weaver
|
0-0: Ball 1-0: SINGLE (Line Drive, 7S, EV 85.6 MPH)
|
|
Batting: LHB Omar Guerrero
|
0-0: Swinging Strike 0-1: Foul Ball, location: 2F 0-2: Ball 1-2: Strikes out swinging
|
|
Batting: SHB Gary Pettis
|
0-0: Called Strike Jim F Weaver steals 2nd base 0-1: Ball 1-1: Ball 2-1: Foul Ball, location: 2F 2-2: Foul Ball, location: 2F 2-2: Strikes out looking and he ARGUES THE CALL AND IS TOSSED!
|
| Top of the 3rd over - 0 runs, 1 hit, 0 errors, 1 left on base; Wichita 1 - Iowa 0 |
| BOTTOM OF THE 3RD |
|
Iowa Oaks batting - Pitching for Wichita Aeros : LHP Darrell Jackson
|
|
Batting: RHB Jordan Arredondo
|
0-0: Ball 1-0: Swinging Strike 1-1: Ground out 6-3 (Groundball, 6, EV 100.6 MPH)
|
|
Batting: LHB Wayne Krenchicki
|
0-0: Fly out, F9 (Flyball, 9, EV 98.8 MPH)
|
|
Batting: SHB Rod Craig
|
0-0: Foul Ball, location: 2F 0-1: Ball 1-1: Ball 2-1: Foul Ball, location: 2F 2-2: Ball 3-2: SINGLE (Line Drive, 89S, EV 100.6 MPH)
|
|
Batting: RHB Edgar Flores
|
0-0: Fly out, F5 (Popup, 25F, EV 89.4 MPH)
|
| Bottom of the 3rd over - 0 runs, 1 hit, 0 errors, 1 left on base; Wichita 1 - Iowa 0 |
| TOP OF THE 4TH |
|
Wichita Aeros batting - Pitching for Iowa Oaks : RHP Randy Romagna
|
|
Batting: LHB Michael Barnes
|
0-0: Called Strike 0-1: Called Strike 0-2: Foul Ball, location: 2F 0-2: Ground out U3 (Groundball, 3L, EV 91.9 MPH)
|
|
Batting: RHB Bill Schroeder
|
0-0: Ground out 6-3 (Groundball, 6S, EV 65.6 MPH)
|
|
Batting: RHB Jesse Barfield
|
0-0: Ball 1-0: Ball 2-0: Ball 3-0: Foul Ball, location: 2F 3-1: Base on Balls
|
|
Batting: LHB Glenn Gulliver
|
0-0: Called Strike 0-1: Ground out 5-3 (Groundball, 56, EV 81.3 MPH)
|
| Top of the 4th over - 0 runs, 0 hits, 0 errors, 1 left on base; Wichita 1 - Iowa 0 |
| BOTTOM OF THE 4TH |
|
Iowa Oaks batting - Pitching for Wichita Aeros : LHP Darrell Jackson
|
|
Batting: LHB Ronald Little
|
0-0: Ball 1-0: DOUBLE (Line Drive, 9LS, EV 101.9 MPH)
|
|
Batting: SHB Mike Turgeon
|
0-0: Called Strike 0-1: Ball 1-1: Ball 2-1: Ground out 6-3 (Groundball, 6D, EV 98.8 MPH)
|
|
Batting: RHB Dave F Schmidt
|
0-0: Ball 1-0: Swinging Strike 1-1: Ball 2-1: Fly out, F9 (Line Drive, 9, EV 91.3 MPH)
|
|
Batting: RHB Mark Benson
|
0-0: Foul Ball, location: 2F 0-1: Ball 1-1: Called Strike 1-2: Foul Ball, location: 2F 1-2: Ball 2-2: SINGLE (Groundball, 56D, EV 85.6 MPH) (infield hit) Ronald Little to third
|
|
Batting: RHB Mike Richardt
|
0-0: Ball 1-0: Ball 2-0: Ball 3-0: Base on Balls Mark Benson to second
|
|
Batting: RHB Jordan Arredondo
|
0-0: Fly out, F4 (Popup, 3S, EV 76.3 MPH)
|
| Bottom of the 4th over - 0 runs, 2 hits, 0 errors, 3 left on base; Wichita 1 - Iowa 0 |
| TOP OF THE 5TH |
|
Wichita Aeros batting - Pitching for Iowa Oaks : RHP Randy Romagna
|
|
Batting: RHB Greg Cypret
|
0-0: Ball 1-0: Ball 2-0: Ball 3-0: Called Strike 3-1: Fly out, F8 (Flyball, 89S, EV 90.0 MPH)
|
|
Batting: LHB Jesus Ramos
|
0-0: SINGLE (Groundball, 34D, EV 96.3 MPH)
|
|
Batting: LHB Jim F Weaver
|
0-0: Called Strike 0-1: Ball 1-1: Called Strike 1-2: Ball Wild Pitch! Jesus Ramos to second 2-2: Ball 3-2: Foul Ball, location: 2F 3-2: Foul Ball, location: 2F 3-2: Strikes out swinging
|
|
Batting: LHB Omar Guerrero
|
0-0: Ball 1-0: Swinging Strike 1-1: Ball 2-1: Fly out, F2 (Popup, 2LF, EV 95.6 MPH)
|
| Top of the 5th over - 0 runs, 1 hit, 0 errors, 1 left on base; Wichita 1 - Iowa 0 |
| BOTTOM OF THE 5TH |
|
Iowa Oaks batting - Pitching for Wichita Aeros : LHP Darrell Jackson
|
|
Batting: LHB Wayne Krenchicki
|
0-0: Called Strike 0-1: Ball 1-1: Swinging Strike 1-2: Strikes out swinging
|
|
Batting: SHB Rod Craig
|
0-0: Fly out, F9 (Flyball, 9D, EV 90.6 MPH)
|
|
Batting: RHB Edgar Flores
|
0-0: Called Strike 0-1: Ball 1-1: SINGLE (Line Drive, 9LM, EV 93.8 MPH)
|
|
Batting: LHB Ronald Little
|
0-0: Ball Edgar Flores steals 2nd base 1-0: Swinging Strike 1-1: Swinging Strike 1-2: Strikes out swinging
|
| Bottom of the 5th over - 0 runs, 1 hit, 0 errors, 1 left on base; Wichita 1 - Iowa 0 |
| TOP OF THE 6TH |
|
Wichita Aeros batting - Pitching for Iowa Oaks : RHP Randy Romagna
|
|
Batting: LHB James Pellack
|
0-0: Called Strike 0-1: Called Strike 0-2: Ball 1-2: SINGLE (Line Drive, 6D, EV 105.0 MPH)
|
|
Batting: LHB Michael Barnes
|
0-0: Swinging Strike 0-1: Ball 1-1: Foul Ball, location: 2F 1-2: Ball 2-2: Ball 3-2: SINGLE (Groundball, 3S, EV 71.9 MPH) (infield hit) James Pellack to second
|
|
Batting: RHB Bill Schroeder
|
0-0: Called Strike 0-1: Ball 1-1: Ball 2-1: Called Strike 2-2: Ball 3-2: SINGLE (Groundball, 6M, EV 102.5 MPH) (infield hit) James Pellack to third Michael Barnes to second
|
|
Batting: RHB Jesse Barfield
|
0-0: Foul Ball, location: 2F 0-1: Grounds into double play, 6-4-3 (Groundball, 6, EV 110.6 MPH) James Pellack scores Michael Barnes to third
|
|
Batting: LHB Glenn Gulliver
|
0-0: Ball 1-0: Ball 2-0: Ball 3-0: Called Strike 3-1: Called Strike 3-2: Base on Balls
|
|
Batting: RHB Greg Cypret
|
0-0: Ball 1-0: Ball 2-0: Ball 3-0: Called Strike 3-1: SINGLE (Groundball, 56D, EV 97.5 MPH) Michael Barnes scores Glenn Gulliver to second
|
|
Batting: LHB Jesus Ramos
|
0-0: Ball 1-0: Swinging Strike 1-1: Called Strike 1-2: Ball 2-2: Ball 3-2: DOUBLE (Groundball, 5L, EV 105.6 MPH) Glenn Gulliver scores Greg Cypret to third Greg Cypret scores
|
|
Pitching: RHP Neil Allen
|
|
|
Batting: LHB Jim F Weaver
|
0-0: Called Strike 0-1: Ball 1-1: Foul Ball, location: 2F 1-2: Ground out 2-3 (Groundball, 15S, EV 73.1 MPH)
|
| Top of the 6th over - 4 runs, 5 hits, 0 errors, 1 left on base; Wichita 5 - Iowa 0 |
| BOTTOM OF THE 6TH |
|
Iowa Oaks batting - Pitching for Wichita Aeros : LHP Darrell Jackson
|
|
Batting: SHB Mike Turgeon
|
0-0: Ball 1-0: Ball 2-0: Ground out 4-3 (Groundball, 4, EV 101.9 MPH)
|
|
Batting: RHB Dave F Schmidt
|
0-0: Ball 1-0: Ball 2-0: Ball 3-0: Called Strike 3-1: Foul Ball, location: 2F 3-2: Base on Balls
|
|
Batting: RHB Mark Benson
|
0-0: Ball 1-0: Foul Ball, location: 2F 1-1: Called Strike 1-2: Ball 2-2: Foul Ball, location: 2F 2-2: Ground out 5-3 (Groundball, 56S, EV 72.5 MPH) Dave F Schmidt to second
|
|
Batting: RHB Mike Richardt
|
0-0: Fly out, F7 (Flyball, 7D, EV 90.6 MPH)
|
| Bottom of the 6th over - 0 runs, 0 hits, 0 errors, 1 left on base; Wichita 5 - Iowa 0 |
| TOP OF THE 7TH |
|
Wichita Aeros batting - Pitching for Iowa Oaks : RHP Neil Allen
|
|
Batting: LHB Omar Guerrero
|
0-0: Called Strike 0-1: Called Strike 0-2: Ball 1-2: Ball 2-2: Ball 3-2: Fly out, F5 (Line Drive, 5, EV 74.4 MPH)
|
|
Batting: LHB James Pellack
|
0-0: Foul Ball, location: 2F 0-1: Foul Ball, location: 2F 0-2: Strikes out swinging
|
|
Batting: LHB Michael Barnes
|
0-0: Ball 1-0: Ball 2-0: Fly out, F4 (Popup, 4M, EV 50.0 MPH)
|
| Top of the 7th over - 0 runs, 0 hits, 0 errors, 0 left on base; Wichita 5 - Iowa 0 |
| BOTTOM OF THE 7TH |
|
Iowa Oaks batting - Pitching for Wichita Aeros : LHP Darrell Jackson
|
|
Batting: RHB Jordan Arredondo
|
0-0: Ball 1-0: Ground out 6-3 (Groundball, 6, EV 101.3 MPH)
|
|
Batting: LHB Wayne Krenchicki
|
0-0: Fly out, F9 (Flyball, 9LS, EV 74.4 MPH)
|
|
Batting: SHB Rod Craig
|
0-0: Ball 1-0: Ball 2-0: Called Strike 2-1: Swinging Strike 2-2: Ball 3-2: Base on Balls
|
|
Batting: RHB Edgar Flores
|
0-0: Ball 1-0: Ball 2-0: Ball 3-0: Base on Balls Rod Craig to second
|
|
Batting: LHB Ronald Little
|
0-0: Called Strike 0-1: Ground out 6-3 (Groundball, 6S, EV 83.8 MPH)
|
| Bottom of the 7th over - 0 runs, 0 hits, 0 errors, 2 left on base; Wichita 5 - Iowa 0 |
| TOP OF THE 8TH |
|
Wichita Aeros batting - Pitching for Iowa Oaks : RHP Neil Allen
|
|
Batting: RHB Bill Schroeder
|
0-0: Ball 1-0: Called Strike 1-1: Foul Ball, location: 2F 1-2: Ball 2-2: Strikes out looking
|
|
Batting: RHB Jesse Barfield
|
0-0: Ball 1-0: SOLO HOME RUN (Flyball, 9D, EV 93.8 MPH), Distance : 371 ft
|
|
Batting: LHB Glenn Gulliver
|
0-0: Ball 1-0: Ball 2-0: Foul Ball, location: 2F 2-1: Ball 3-1: Base on Balls
|
|
Batting: RHB Greg Cypret
|
0-0: Ball 1-0: Fly out, F8 (Flyball, 89D, EV 83.8 MPH)
|
|
Batting: LHB Jesus Ramos
|
0-0: Ball 1-0: Swinging Strike 1-1: Called Strike 1-2: Fly out, F8 (Flyball, 8LD, EV 97.5 MPH)
|
| Top of the 8th over - 1 run, 1 hit, 0 errors, 1 left on base; Wichita 6 - Iowa 0 |
| BOTTOM OF THE 8TH |
|
Iowa Oaks batting - Pitching for Wichita Aeros : LHP Darrell Jackson
|
|
Batting: SHB Mike Turgeon
|
0-0: Foul Ball, location: 2F 0-1: Fly out, F7 (Flyball, 78M, EV 79.4 MPH)
|
|
Batting: RHB Dave F Schmidt
|
0-0: Ground out 6-3 (Groundball, 6, EV 103.8 MPH)
|
|
Batting: RHB Mark Benson
|
0-0: Ball 1-0: Ground out 4-3 (Groundball, 4, EV 81.3 MPH)
|
| Bottom of the 8th over - 0 runs, 0 hits, 0 errors, 0 left on base; Wichita 6 - Iowa 0 |
| TOP OF THE 9TH |
|
Wichita Aeros batting - Pitching for Iowa Oaks : RHP Neil Allen
|
|
Batting: LHB Jim F Weaver
|
0-0: Swinging Strike 0-1: Ball 1-1: Foul Ball, location: 2F 1-2: Hit by Pitch
|
|
Batting: LHB Omar Guerrero
|
0-0: Ball 1-0: Swinging Strike 1-1: Foul Ball, location: 2F 1-2: Foul Ball, location: 2F 1-2: Fielders Choice at 2nd, 4-6 (Groundball, 34, EV 103.1 MPH)
|
|
Batting: LHB James Pellack
|
0-0: Ball Omar Guerrero steals 2nd base 1-0: Foul Ball, location: 2F 1-1: Foul Ball, location: 2F 1-2: Ground out U3 (Groundball, 34, EV 106.3 MPH) Omar Guerrero to third
|
|
Batting: LHB Michael Barnes
|
0-0: Foul Ball, location: 2F 0-1: Ball 1-1: Called Strike 1-2: Strikes out swinging
|
| Top of the 9th over - 0 runs, 0 hits, 0 errors, 1 left on base; Wichita 6 - Iowa 0 |
| BOTTOM OF THE 9TH |
|
Iowa Oaks batting - Pitching for Wichita Aeros : LHP Darrell Jackson
|
|
Batting: RHB Mike Richardt
|
0-0: Called Strike 0-1: Fly out, F7 (Flyball, 7LM, EV 72.5 MPH)
|
|
Batting: RHB Jordan Arredondo
|
0-0: Ball 1-0: Fly out, F4 (Popup, 4M, EV 65.6 MPH)
|
|
Batting: LHB Wayne Krenchicki
|
0-0: Foul Ball, location: 2F 0-1: Ball 1-1: Called Strike 1-2: Foul Ball, location: 2F 1-2: Foul Ball, location: 2F 1-2: Ball 2-2: Strikes out swinging
|
| Bottom of the 9th over - 0 runs, 0 hits, 0 errors, 0 left on base; Wichita 6 - Iowa 0 |
|